 Dungeon Crawl Stone Soup version 0.29-a0-717-g6dac4ea423 (webtiles) character file.

Game seed: 11515688770879876409

1349 polve the Agent of Entropy (level 8, -1/64 HPs)
             Began as a Demonspawn Abyssal Knight on June 26, 2022.
             Was a Priest of Lugonu.
             Slain by Duvessa
             ... wielding a +0 rapier
              (14 damage)
             ... on level 5 of the Dungeon.
             The game lasted 00:07:11 (8754 turns).

polve the Agent of Entropy (DsAK)                   Turns: 8754, Time: 00:07:12

Health: -1/64      AC:  8    Str: 14    XL:     8   Next: 36%
Magic:  14/14      EV: 12    Int: 14    God:    Lugonu [***...]
Gold:   298        SH:  0    Dex: 13    Spells: 7/7 levels left

rFire   . . .      SeeInvis .   a - +0 dagger (venom)
rCold   + . .      Faith    .   (no shield)
rNeg    . . .      Spirit   .   q - +2 leather armour {rC+}
rPois   .          Reflect  .   u - +2 helmet
rElec   .          Harm     .   (no cloak)
rCorr   +          Rampage  .   (no gloves)
Will    .....                   (no boots)
Stlth   +.........              (no amulet)
HPRegen 0.20/turn               s - ring of resist corrosion
MPRegen 0.14/turn               (no ring)

@: no status effects
A: claws 1, ignite blood 1, demonic magic 2
a: Renounce Religion, Depart the Abyss, Bend Space, Banish


You were on level 5 of the Dungeon.
You worshipped Lugonu.
Lugonu was most pleased with you.
You visited 1 branch of the dungeon, and saw 6 of its levels.
You visited the Abyss 1 time.

You collected 298 gold pieces.

Inventory:

Hand Weapons
 a - a +0 dagger of venom (weapon)
 b - a +0 rapier
Armour
 g - a +1 cloak
 q - a +2 leather armour of cold resistance (worn)
 u - a +2 helmet (worn)
Jewellery
 s - a ring of resist corrosion (left claw)
 y - a ring of wizardry
Scrolls
 f - a scroll of enchant weapon {unknown}
 h - 2 scrolls of blinking
 i - 3 scrolls of fog
 k - 4 scrolls of teleportation
 m - 2 scrolls of enchant armour
 n - a scroll of summoning {unknown}
 t - a scroll of immolation {unknown}
 v - a scroll of torment {unknown}
 w - 2 scrolls of magic mapping {unknown}
Potions
 c - a potion of ambrosia {unknown}
 d - a potion of berserk rage
 e - a potion of magic {unknown}
 j - a potion of degeneration {unknown}
 l - 2 potions of curing {unknown}
 o - a potion of flight {unknown}
 p - a potion of might {unknown}
 r - a potion of invisibility {unknown}
 x - a potion of heal wounds
 z - a potion of lignification {unknown}


   Skills:
 - Level 6.0 Fighting
 - Level 4.0 Short Blades
 + Level 3.8 Armour
 + Level 3.3 Dodging
 - Level 8.0 Invocations


You had 7 spell levels left.
You didn't know any spells.
Your spell library contained the following spells:

 Spells                   Type           Power      Damage    Failure   Level
 Freeze                   Ice            0%         1d3       34%         1
 Poisonous Vapours        Pois/Air       0%         N/A       47%         2
 Frozen Ramparts          Ice            0%         1d2       71%         3
 Gell's Gravitas          Tloc           0%         N/A       71%         3
 Lesser Beckoning         Tloc           0%         N/A       71%         3
 Teleport Other           Tloc           0%         N/A       71%         3
 Corpse Rot               Necr/Pois/Air  0%         N/A       98%         4
 Hailstorm                Conj/Ice       0%         3d3       98%         4


Dungeon Overview and Level Annotations

Branches:
Dungeon (6/15)
 Temple: D:4-7

Altars:
Dithmenos
Ru
Vehumet
Wu Jian
Yredelemnul

Annotations:
D:5 Duvessa
D:6 Prince Ribbit


Innate Abilities, Weirdness & Mutations

You have sharp fingernails.
Your demonic aura sometimes causes spilled blood to erupt in flames.
Spells you cast may paralyse nearby enemies.


Message History

(D) Dungeon
Where to? (Enter - D:5 @ (x,y), ? - help)
There is a stone staircase leading down here.
You climb downwards.
Level annotation: Dowan, Duvessa Duvessa misses you.
Duvessa hits you with a +0 rapier!
There is a stone staircase leading up, spattered with blood here.
You hit Duvessa but do no damage.
Duvessa is poisoned.
Duvessa says, "When magic and the sword combine, nothing stands against them."
Duvessa hits you with a +0 rapier.
You barely miss Duvessa. You hit Duvessa but do no damage.
Duvessa looks even sicker.
Duvessa hits you but does no damage. Dowan barely misses you.
You hit Duvessa but do no damage. Duvessa hits you with a +0 rapier.
Dowan casts a spell at you. You resist with some effort.
You barely miss Dowan. Duvessa barely misses you.
You hit Dowan.
Dowan is poisoned.
Dowan is lightly wounded.
Dowan smirks and points a slender finger.
Dowan hits you with a +0 dagger. Duvessa closely misses you.
You hit Dowan.
Dowan looks as sick as possible!
Dowan is moderately wounded.
Dowan is engulfed in blazing flames.
Dowan hits you with a +0 dagger.
You hit Duvessa but do no damage.
Duvessa looks as sick as possible!
Duvessa is moderately wounded.
Duvessa hits you with a +0 rapier!
Dowan is engulfed in blazing flames.
You kill Dowan!
Lugonu accepts your kill.
Duvessa weeps, and shakes her weapon.
Duvessa goes berserk!
You hit Duvessa.
Duvessa looks as sick as possible!
Duvessa is moderately wounded.
Duvessa hits you with a +0 rapier!
You barely miss Duvessa.
Duvessa is moderately wounded.
Duvessa hits you with a +0 rapier!
* * * LOW HITPOINT WARNING * * *
Duvessa hits you with a +0 rapier!
You die...

####..##.# #######.##8##8##8#
..##..##.### #.......##########
...........# ##.....## #
...........# #.....# #
...........# #....##### #
..##..###.########...##..## #
..##..###...#...##........# ####
..#.....+........e........# #.##
..#.....#.......@....##..#####..#
..##..###..###.°##...##'###..#..#
..##..########..##....#...#...#.#
.............'........#...#...#..
.............#........#...'..####
[.##..##...###..##....#...#..##..
..##..##...###..##....#...#......
..#.............#....##..##......
..#.............#....######..##..


You could see Duvessa (berserk, extremely poisoned).

Vanquished Creatures
  Grinder (D:3)
  A steam dragon (D:4)
  A water moccasin (D:5)
  A phantom (D:4)
  2 necrophages (D:5)
  2 wights
  Dowan (D:5)
  6 hounds
  A jelly (D:6)
  2 orc priests
  An iguana (D:4)
  4 orc wizards
  7 adders
  2 shadow imps
  An ufetubus (D:4)
  A worm (D:4)
  2 dart slugs (D:1)
  13 orcs
  8 ball pythons
  7 endoplasms
  4 giant cockroaches
  4 goblins
  9 hobgoblins
  4 jackals (D:2)
  3 quokkas
  4 bats
  2 frilled lizards
  4 kobolds
  4 rats
102 creatures vanquished.

Notes
Turn   | Place    | Note
-------+----------+-------------------------------------------
     0 | Abyss:1  | polve the Demonspawn Abyssal Knight began the quest for the
                  | Orb.
     0 | Abyss:1  | Reached XP level 1. HP: 18/18 MP: 2/2
    59 | D:1      | Escaped the Abyss
   112 | D:1      | Found a faded altar of an unknown god.
   698 | D:1      | Gained mutation: Spells you cast may paralyse adjacent
                  | enemies. [demonic ancestry]
   698 | D:1      | Reached XP level 2. HP: 18/24 MP: 3/3
   918 | D:1      | Reached ** piety under Lugonu
  2325 | D:2      | Gained mutation: Your demonic aura sometimes causes spilled
                  | blood to erupt in flames. [demonic ancestry]
  2325 | D:2      | Reached XP level 3. HP: 26/29 MP: 4/4
  3305 | D:3      | HP: 1/29 [poisoned by a goblin]
  3806 | D:3      | Gained mutation: Spells you cast may paralyse nearby
                  | enemies. [demonic ancestry]
  3806 | D:3      | Reached XP level 4. HP: 35/35 MP: 5/5
  3945 | D:3      | Noticed Grinder
  3957 | D:3      | Paralysed by Grinder for 5 turns
  3976 | D:3      | Paralysed by Grinder for 2 turns
  3981 | D:3      | Killed Grinder
  3982 | D:3      | Reached skill level 6 in Invocations
  3982 | D:3      | Reached XP level 5. HP: 18/41 MP: 5/9
  4225 | D:3      | Reached XP level 6. HP: 36/47 MP: 10/10
  5296 | D:4      | Reached skill level 7 in Invocations
  5696 | D:5      | Entered Level 5 of the Dungeon
  5696 | D:5      | Found an ornate altar of the Wu Jian Council.
  5703 | D:5      | Found a shadowy altar of Dithmenos.
  5894 | D:5      | Reached skill level 8 in Invocations
  5919 | D:5      | Reached *** piety under Lugonu
  5962 | D:5      | Found a sacrificial altar of Ru.
  5964 | D:5      | Found a radiant altar of Vehumet.
  6015 | D:5      | Found a basalt altar of Yredelemnul.
  6073 | D:5      | Gained mutation: You have sharp fingernails. [demonic
                  | ancestry]
  6073 | D:5      | Reached XP level 7. HP: 26/53 MP: 13/13
  6305 | D:5      | Reached skill level 5 in Fighting
  7218 | D:6      | Reached skill level 1 in Dodging
  7876 | D:5      | Reached XP level 8. HP: 16/58 MP: 14/14
  8120 | D:6      | Noticed a two-headed ogre
  8122 | D:6      | Noticed Prince Ribbit
  8316 | D:6      | Noticed Duvessa
  8316 | D:6      | Noticed Dowan
  8752 | D:5      | Killed Dowan
  8754 | D:5      | Slain by Duvessa

Illustrated notes

Levels and vault maps discovered:
D:1:      kennysheep_arrival_forest, layout_basic,
          hellmonk_ecumenical_altar_zigzags, hangedman_decor_growths,
          wad_woods_river_04, nicolae_figureground_sparkle
D:2:      layout_loops_ring
D:3:      layout_loops_ring, uniq_grinder
D:4:      kennysheep_six_static_rooms, layout_rooms
D:5:      layout_gridville, grunt_temple_overflow_open, dk_noncrumbling_2
D:6:      layout_gridville, grunt_decor_fettered, dk_vineyard_2, hex_medium,
          bh_walls_and_bars, uniq_prince_ribbit1, uniq_duvessa,
          uniq_crazy_yiuf_cottage

Skill      XL: |  1  2  3  4  5  6  7  8 |
---------------+-------------------------+-----
Short Blades   | 2 3 4 |  4.0
Invocations    | 6 8 |  8.0
Fighting       | 6 |  6.0
Armour         | 2 3 |  3.8
Dodging        | 2 3 |  3.3

Action                   |  1- 3 |  4- 6 |  7- 9 || total
-------------------------+-------+-------+-------++-------
Melee: Short sword       |   131 |       |       ||   131
       Rapier            |    33 |   167 |   152 ||   352
       Dagger            |       |    50 |    84 ||   134
       Punch             |       |     1 |     4 ||     5
Invok: Depart the Abyss  |     1 |       |       ||     1
       Bend Space        |       |       |     2 ||     2
  Use: Potion            |       |     2 |     2 ||     4
       Scroll            |       |       |     4 ||     4
Armor: Leather armour    |    63 |    96 |    97 ||   256
Dodge: Dodged            |    94 |   130 |   117 ||   341

Table legend: (Time is in decaauts)
 A = Elapsed time spent in this place.
 B = Non-inter-level travel time spent in this place.
 C = Inter-level travel time spent in this place.
 D = Time resting spent in this place.
 E = Time spent auto-exploring this place.
 F = Levels seen in this place.
 G = Mean time per level.
                   A        B        C        D        E       F      G
               +--------+--------+--------+--------+--------+-----+--------+
         Total |   8732 |   8466 |    266 |    652 |   6701 |   7 | 1247.4 |
       Dungeon |   8673 |   8407 |    266 |    652 |   6644 |   6 | 1445.5 |
         Abyss |     59 |     59 |      0 |      0 |     57 |   1 |   59.0 |
               +--------+--------+--------+--------+--------+-----+--------+

Top non-repeatable levels by time:
     D:5: 1766 daAuts
     D:3: 1625 daAuts
     D:1: 1591 daAuts
     D:2: 1559 daAuts
     D:4: 1429 daAuts
     D:6: 701 daAuts
 Abyss:1: 59 daAuts
